 Dungeon Crawl Stone Soup version 0.31-a0-1074-g0b22e4e0f1 (webtiles) character file.

Game seed: 10899398777118004467

1556 BigPumpCobain the Zephyrmancer (level 8, -1/48 HPs)
             Began as a Tengu Air Elementalist on Dec 5, 2023.
             Killed from afar by an orc wizard (12 damage)
             ... with a puff of flame
             ... on level 6 of the Dungeon.
             The game lasted 00:18:43 (7666 turns).

BigPumpCobain the Zephyrmancer (TeAE)               Turns: 7666, Time: 00:18:43

Health: -1/48      AC:  2    Str:  8    XL:     8   Next: 88%
Magic:  2/14       EV: 31    Int: 17    God:
Gold:   221        SH:  0    Dex: 16    Spells: 4/14 levels left

rFire   . . .        u - +2 quarterstaff (chaos)
rCold   . . .        (shield currently unavailable)
rNeg    + . .        a - +0 robe
rPois   .            (helmet restricted)
rElec   .            (no cloak)
rCorr   .            (no gloves)
SInv    .            (boots unavailable)
Will    .....        (no amulet)
Stlth   ++           t - ring of wizardry
HPRegen 0.28/turn    v - ring of positive energy
MPRegen 0.14/turn

%: acrobat, wizardry (x1)
@: weakened, acrobatic, flying
A: beak, talons 3, evasive flight, acrobatic
a: no special abilities


You were on level 6 of the Dungeon.
You visited 1 branch of the dungeon, and saw 6 of its levels.

You collected 221 gold pieces.

Inventory:

Hand Weapons
 o - a +1 mace of draining
 u - a +2 quarterstaff of chaos (weapon)
 y - the +7 rapier of Conversion {elec, Dex+2}
   (You found it on level 6 of the Dungeon)

   Dex+2:     It affects your dexterity (+2).
Armour
 a - a +0 robe (worn)
Jewellery
 h - a ring of willpower
 m - a ring of fire
 n - a ring of resist corrosion
 t - a ring of wizardry (left hand)
 v - a ring of positive energy (right hand)
Talismans
 k - a beast talisman
Scrolls
 c - 2 scrolls of noise {unknown}
 e - 8 scrolls of identify {unknown}
 f - 2 scrolls of vulnerability {unknown}
 i - 2 scrolls of blinking {unknown}
 j - 2 scrolls of silence {unknown}
 l - 2 scrolls of poison {unknown}
 q - 2 scrolls of enchant weapon {unknown}
 s - 4 scrolls of brand weapon {unknown}
 w - a scroll of teleportation {unknown}
 x - a scroll of fear {unknown}
 A - a scroll of immolation {unknown}
 C - a scroll of torment {unknown}
Potions
 b - a potion of magic
 d - 2 potions of lignification {unknown}
 g - 3 potions of curing {unknown}
 p - a potion of haste {unknown}
 r - a potion of brilliance {unknown}
 z - a potion of enlightenment {unknown}
 B - a potion of heal wounds {unknown}


   Skills:
 + Level 4.2 Fighting
 - Level 2.1 Dodging
 - Level 2.0 Stealth
 + Level 3.5 Spellcasting
 * Level 8.7 Conjurations
 * Level 9.4 Air Magic


You had 4 spell levels left.
You knew the following spells:

 Your Spells              Type           Power      Damage    Failure   Level
a - Shock                 Conj/Air       100%       1d9       1%          1
b - Static Discharge      Conj/Air       66%        3-6/arc   1%          2
c - Swiftness             Air            35%        N/A       1%          3
d - Airstrike             Air            17%        2d(3-19)  1%          4

Your spell library contained the following spells:

 Spells                   Type           Power      Damage    Failure   Level
 Momentum Strike          Conj/Tloc      34%        3d8       1%          2
 Hailstorm                Conj/Ice       17%        3d6       3%          3
 Apportation              Tloc           6%         N/A       7%          1
 Freeze                   Ice            12%        1d3       7%          1
 Blink                    Tloc           6%         N/A       11%         2
 Jinxbite                 Hex            6%         N/A       11%         2
 Lesser Beckoning         Tloc           6%         N/A       11%         2
 Frozen Ramparts          Ice            6%         1d1       21%         3
 Alistair's Intoxication  Tmut/Pois      2%         N/A       86%         5


Dungeon Overview and Level Annotations

Branches:
Dungeon (6/15)             Temple (0/1) D:4

Altars:
Cheibriados
Elyvilon
Qazlal
Ru
Xom
Zin
The Shining One

Annotations:
D:5 3 runed translucent doors, Fleche's ghost, amateur MiBe; ranchalot's ghost, amateur TeAE
D:6 1 runed translucent door, superbruh's ghost, novice DsMo


Innate Abilities, Weirdness & Mutations

You have a beak for a mouth.
You have claws for feet.
Your magical flight helps you evade attacks. (EV +4)
You can magically evade attacks while moving or waiting.


Message History

The gnoll bouda hits you with a +0 whip!
Things that are here:
a +0 spear; a gnoll corpse The gnoll bouda attacks as it pursues you!
The gnoll bouda closely misses you.
The gnoll bouda prays to its god.
The gnoll bouda is healed somewhat.
The gnoll bouda gazes fiercely through you!
You feel as though you will be weak longer.
The gnoll bouda gazes fiercely through you!
You feel as though you will be weak longer.
The gnoll bouda gazes fiercely through you!
You feel as though you will be weak longer.
The gnoll bouda mumbles some strange prayers to its god.
The gnoll bouda is healed somewhat.
Casting: Static Discharge (safe; 1% risk of failure)
Confirm with . or Enter, or press ? or * to list all spells.
The gnoll bouda is struck by an arc of lightning.
The gnoll bouda is heavily wounded.
You are struck by an arc of lightning.
The gnoll bouda is struck by an arc of lightning.
The gnoll bouda is severely wounded.
You are struck by an arc of lightning.
The lightning grounds out.
The gnoll bouda utters an invocation to its god.
The gnoll bouda is healed somewhat.
The gnoll bouda attacks as it pursues you!
The gnoll bouda misses you.
The gnoll bouda attacks as it pursues you!
The gnoll bouda completely misses you.
The gnoll bouda attacks as it pursues you!
The gnoll bouda hits you with a +0 whip!
* * * LOW HITPOINT WARNING * * *
You enter a teleport trap!
The teleport trap disappears.
Your surroundings suddenly seem different.
An orc wizard and an orc priest come into view.
The orc wizard is wielding a +2 dagger of speed.
Found a leather armour.
The orc wizard gestures at you while chanting.
The puff of flame hits you!
You die...

##..................#.
#......#.......#.....
#..#...###..#######..
....###...###.## ##....
#...##
##...##..###..### ##..
#....#..#...## #..
##....#...###
##..######.......##
#......@........##
[..#..............##
###
#....########...#####..
#....# #..........)
##...# #...#..##...
#.o.# #..###..#..##
#..o. #..# ###.#.#
..... #..# #.### ...#
#.#


You could see an orc wizard.

Vanquished Creatures
  Menkaure (D:4)
  A water moccasin (D:6)
  An ice beast (D:5)
  A black bear (D:6)
  3 ogres
  A phantom (D:4)
  A scorpion (D:6)
  A killer bee (D:6)
  A howler monkey (D:5)
  4 hounds
  4 jellies
  Crazy Yiuf (D:4)
  A sleepcap (D:6)
  2 iguanas (D:6)
  An orc wizard (D:5)
  Robin (D:3)
  6 adders
  10 gnolls
  2 shadow imps (D:5)
  4 ufetubi
  A worm (D:2)
  3 dart slugs
  6 orcs
  4 bats
  5 endoplasms
  2 giant cockroaches (D:1)
  13 goblins
  9 hobgoblins
  13 jackals
  7 quokkas
  6 ball pythons
  6 frilled lizards
  5 kobolds
  7 rats
134 creatures vanquished.

Notes
Turn   | Place    | Note
-------+----------+-------------------------------------------
     0 | D:1      | BigPumpCobain the Tengu Air Elementalist began the quest
                  | for the Orb.
     0 | D:1      | Reached XP level 1. HP: 10/10 MP: 4/4
   118 | D:1      | Reached XP level 2. HP: 15/16 MP: 0/6
   569 | D:1      | Reached XP level 3. HP: 19/20 MP: 3/7
   651 | D:1      | Reached skill level 1 in Fighting
   730 | D:1      | Learned a level 2 spell: Static Discharge
   734 | D:1      | Learned a level 3 spell: Swiftness
  1493 | D:2      | Reached skill level 5 in Air Magic
  1572 | D:2      | Reached XP level 4. HP: 23/25 MP: 2/8
  2881 | D:3      | Reached XP level 5. HP: 23/29 MP: 4/9
  3365 | D:3      | Noticed Robin
  3404 | D:3      | Killed Robin
  3779 | D:4      | Found a glowing golden altar of the Shining One.
  3779 | D:4      | Found a glowing silver altar of Zin.
  3779 | D:4      | Found a white marble altar of Elyvilon.
  3893 | D:4      | Reached skill level 6 in Air Magic
  3940 | D:4      | Noticed a phantom
  3945 | D:4      | Killed a phantom
  3946 | D:4      | Reached skill level 5 in Conjurations
  3946 | D:4      | Reached XP level 6. HP: 26/35 MP: 2/10
  4008 | D:4      | Found a staircase to the Ecumenical Temple.
  4116 | D:4      | Found a stormy altar of Qazlal.
  4220 | D:4      | Noticed Menkaure
  4225 | D:4      | Killed Menkaure
  4367 | D:4      | Found a runed translucent door.
  4368 | D:4      | Noticed Crazy Yiuf
  4448 | D:4      | Killed Crazy Yiuf
  4553 | D:5      | Entered Level 5 of the Dungeon
  4587 | D:5      | Found a sacrificial altar of Ru.
  4587 | D:5      | Found a snail-covered altar of Cheibriados.
  4613 | D:5      | Reached skill level 7 in Air Magic
  4613 | D:5      | Gained mutation: Your magical flight helps you evade
                  | attacks. (EV +4) [Tengu growth]
  4613 | D:5      | Reached XP level 7. HP: 40/40 MP: 6/11
  5104 | D:5      | Learned a level 4 spell: Airstrike
  5648 | D:5      | Found a runed translucent gate.
  5648 | D:5      | Found a runed translucent gate.
  5649 | D:5      | Found a runed translucent gate.
  5653 | D:5      | Noticed ranchalot's ghost (amateur TeAE)
  5653 | D:5      | Noticed Fleche's ghost (amateur MiBe)
  5772 | D:5      | Reached skill level 8 in Air Magic
  5772 | D:5      | Reached XP level 8. HP: 24/46 MP: 3/13
  6803 | D:6      | Reached skill level 9 in Air Magic
  6927 | D:6      | Identified the +7 rapier of Conversion {elec, Dex+2}
  7074 | D:6      | Found a runed translucent door.
  7077 | D:6      | Noticed superbruh's ghost (novice DsMo)
  7363 | D:6      | Found a shimmering altar of Xom.
  7666 | D:6      | Killed from afar by an orc wizard

Illustrated notes

Levels and vault maps discovered:
D:1:      psy_arrival_fountain, layout_loops_ring, serial_forest,
          infiniplex_forest_lined_corner, infiniplex_forest_lined_corner,
          infiniplex_forest_clump_diagonal, infiniplex_forest_clump_curved,
          infiniplex_forest_straight_1, infiniplex_forest_clump_C,
          infiniplex_forest_clump_small
D:2:      layout_basic, hangedman_decor_clover_reticule, minmay_fountain_box,
          minmay_misc_feat_room, grunt_decor_arrowhead, lightli_corner_chamber
D:3:      layout_loops_corners, bh_walls_and_bars, uniq_robin
D:4:      cheibrodos_helix_gallery, layout_rooms, dreamdust_divine_triumvirate,
          overflow_temple_1_default, minmay_temple_entry_trees,
          uniq_crazy_yiuf_cottage, uniq_menkaure
D:5:      layout_rooms, gammafunk_temple_overflow_pools,
          gammafunk_ghost_cemetery, kennysheep_generic_room_15
D:6:      layout_layer_cave, xom_teletrap_fun, ebering_ghost_sewer_f,
          kennysheep_generic_room_5

Skill      XL: |  1  2  3  4  5  6  7  8 |
---------------+-------------------------+-----
Conjurations   | 2 3 4 5 7 8 |  8.7
Fighting       | 1 2 3 4 |  4.2
Air Magic      | 5 6 7 8 9 |  9.4
Spellcasting   | 3 |  3.5
Dodging        | |  2.1
Stealth        | |  2.0

Action                     |  1- 3 |  4- 6 |  7- 9 || total
---------------------------+-------+-------+-------++-------
  Melee: Unarmed           |    21 |     8 |       ||    29
         Peck              |     3 |       |       ||     3
         Kick              |     5 |     2 |       ||     7
         Quarterstaff      |       |       |     4 ||     4
   Cast: Shock             |    73 |    90 |    42 ||   205
         Static Discharge  |     6 |    15 |    33 ||    54
         Airstrike         |       |       |    36 ||    36
Ability: Begin Untransform |       |     1 |       ||     1
    Use: Potion            |       |       |     1 ||     1
 Armour: Robe              |    29 |    35 |    73 ||   137
  Dodge: Dodged            |    55 |    38 |   166 ||   259
   Form: Beast             |       |     1 |       ||     1

Table legend: (Time is in decaauts)
 A = Elapsed time spent in this place.
 B = Non-inter-level travel time spent in this place.
 C = Inter-level travel time spent in this place.
 D = Time resting spent in this place.
 E = Time spent auto-exploring this place.
 F = Levels seen in this place.
 G = Mean time per level.
                   A        B        C        D        E       F      G
               +--------+--------+--------+--------+--------+-----+--------+
         Total |   7670 |   7544 |    126 |    688 |   5872 |   6 | 1278.3 |
       Dungeon |   7670 |   7544 |    126 |    688 |   5872 |   6 | 1278.3 |
               +--------+--------+--------+--------+--------+-----+--------+

Top non-repeatable levels by time:
     D:6: 1548 daAuts
     D:1: 1450 daAuts
     D:5: 1296 daAuts
     D:3: 1229 daAuts
     D:4: 1099 daAuts
     D:2: 1046 daAuts
